Construct Infanterie Kompanie
Selects Italian Coastal Battlegroup
Construct Infanterie Kompanie
Infanterie Officer Quarters
Construct Panzergrenadier Kompanie
Selects Artillery Officer
Pak 40 Anti-tank Gun Team
Selects Designated Artillery Overwatch
Nebelwerfer 42 Rocket Launcher Team
Designated Artillery Overwatch
Construct Panzer Kompanie
Panzergrenadier Officer Quarters
Selects Obice da 210/22 Artillery Emplacement
Designated Artillery Overwatch